 Dungeon Crawl Stone Soup version 0.28.0-53-g5a82cb258f (webtiles) character file.

Game seed: 14233871706045610233

1241 jjjjhere the Magician (level 8, -1/64 HPs)
             Began as a Gnoll Wanderer on Aug 16, 2022.
             Was an Elder of Vehumet.
             Slain by a hornet (9 damage)
             ... while paralysed by a hornet
             ... on level 6 of the Dungeon.
             The game lasted 00:09:27 (6363 turns).

jjjjhere the Magician (Gnoll Wanderer)              Turns: 6363, Time: 00:09:28

Health: -1/64      AC:  4    Str: 18    XL:     8   Next: 49%
Magic:  2/19       EV:  2    Int: 12    God:    Vehumet [****..]
Gold:   336        SH:  0    Dex: 13    Spells: 11/22 levels left

rFire   . . .      SeeInvis .   p - +1 flail (protect)
rCold   . . .      Faith    .   b - +1 buckler
rNeg    . . .      Spirit   .   c - +0 leather armour
rPois   .          Reflect  .   e - +0 helmet
rElec   .          Harm     .   (no cloak)
rCorr   .          Rampage  .   (no gloves)
Will    .....                   (no boots)
Stlth   ++........              (no amulet)
HPRegen 0.20/turn               f - +6 ring of strength
MPRegen 0.16/turn               (no ring)

@: paralysed, mighty, lethally poisoned (-1 -> -5), slowed, studying Dodging
A: fangs 1, strong nose, distributed training
a: Renounce Religion


You were on level 6 of the Dungeon.
You worshipped Vehumet.
Vehumet was greatly pleased with you.
You visited 1 branch of the dungeon, and saw 6 of its levels.
You also visited: Sewer.

You collected 336 gold pieces.

Inventory:

Hand Weapons
 a - a +2 mace
 n - a +0 morningstar
 p - a +1 flail of protection (weapon)
Missiles
 d - 7 javelins
 r - a throwing net
Armour
 b - a +1 buckler (worn)
 c - a +0 leather armour (worn)
 e - a +0 helmet (worn)
Jewellery
 f - a +6 ring of strength (left hand)
 y - a ring of protection from cold
Scrolls
 g - 2 scrolls of teleportation
 j - a scroll of amnesia
 k - 3 scrolls of blinking
 v - a scroll of summoning {unknown}
 w - 3 scrolls of noise {unknown}
 x - a scroll of vulnerability {unknown}
 z - a scroll of immolation {unknown}
Potions
 h - 3 potions of might
 i - 2 potions of cancellation
 l - 2 potions of curing {unknown}
 m - 4 potions of invisibility {unknown}
 o - 2 potions of attraction {unknown}
 q - a potion of degeneration {unknown}
 s - 4 potions of lignification {unknown}
 t - 2 potions of haste {unknown}
 u - a potion of magic {unknown}
 A - a potion of resistance {unknown}


   Skills:
 + Level 5.7 Fighting
 + Level 3.3 Short Blades
 + Level 3.3 Long Blades
 + Level 3.3 Axes
 + Level 5.7 Maces & Flails
 + Level 3.3 Polearms
 + Level 3.3 Staves
 + Level 3.3 Slings
 + Level 3.3 Bows
 + Level 3.3 Crossbows
 + Level 3.3 Throwing
 + Level 3.3 Armour
 + Level 4.6 Dodging
 + Level 3.3 Stealth
 + Level 4.2 Shields
 + Level 3.3 Unarmed Combat
 + Level 7.9 Spellcasting
 + Level 4.7 Conjurations
 + Level 2.7 Hexes
 + Level 2.7 Summonings
 + Level 2.7 Necromancy
 + Level 2.7 Translocations
 + Level 2.7 Transmutations
 + Level 2.7 Fire Magic
 + Level 2.7 Ice Magic
 + Level 2.7 Air Magic
 + Level 2.7 Earth Magic
 + Level 2.7 Poison Magic
 + Level 3.6 Invocations
 + Level 3.3 Evocations


You had 11 spell levels left.
You knew the following spells:

 Your Spells              Type           Power      Damage    Failure   Level
a - Shock                 Conj/Air       52%        1d6       1%          1
b - Scorch                Fire           22%        2d6       3%          2
c - Inner Flame           Hex/Fire       11%        N/A       6%          3
d - Fireball              Conj/Fire      6%         3d5       32%         5

Your spell library contained the following spells:

 Spells                   Type           Power      Damage    Failure   Level
 Stone Arrow              Conj/Erth      26%        3d8       4%          3
 Ozocubu's Armour         Ice            11%        N/A       22%         3
 Starburst                Conj/Fire      6%         6d4       86%         6
 Metabolic Englaciation   Hex/Ice        5%         N/A       91%         5
 Simulacrum               Ice/Necr       5%         N/A       100%        6
 Ignition                 Fire           5%         3d4       100%        8


Dungeon Overview and Level Annotations

Branches:
Dungeon (6/15)             Temple (0/1) D:4           Sewer (visited)

Altars:
Ashenzari
Dithmenos
Sif Muna
Vehumet


Innate Abilities, Weirdness & Mutations

You have very sharp teeth.
Your uncanny sense of smell can sniff out nearby items.
Your experience applies equally to all skills.


Message History

The hornet's fire resistance burns away.
You block the hornet's attack. x2
You closely miss the hornet.
The hornet is lightly wounded.
The hornet stings you!
You are poisoned.
You feel yourself slow down.
You hit the hornet but do no damage.
Your weapon exudes an aura of protection.
The hornet is lightly wounded.
You feel very sick.
The hornet is no longer more vulnerable to fire.
The hornet misses you.
The hornet stings you but does no damage.
You block the hornet's attack.
You barely miss the hornet.
The hornet is lightly wounded.
You feel yourself speed up.
You feel sick. You block the hornet's attack.
The hornet stings you but does no damage.
Your magical contamination has completely faded away.
You feel very mighty all of a sudden.
You feel sick. The hornet stings you!
* * * LOW HITPOINT WARNING * * *
You are more poisoned.
You feel yourself slow down. You block the hornet's attack.
You sock the hornet!
Your weapon exudes an aura of protection.
Your bite misses the hornet.
The hornet is severely wounded.
You feel very sick.
The hornet stings you but does no damage.
The hornet closely misses you.
You closely miss the hornet.
The hornet is heavily wounded.
You feel very sick. The hornet closely misses you. The hornet stings you.
* * * LOW HITPOINT WARNING * * *
You suddenly lose the ability to move!
The hornet stings you!
You die...

#.....# # ##.(..# .#. #
#.....###.... ..
#.......... ...##....#
#........# ## #####...##
.# #...########.#
#....Zy@.....# #
##########.####.##..##.##.
...........# #...........
############ ####..##.##
#..<.# #.#.## #.#.# # ...
...


You could see a hornet and a water moccasin zombie (inner flame).

Vanquished Creatures
  Grinder (D:3)
  A hornet zombie (D:5)
  An ogre (D:4)
  A bullfrog (D:5)
  A kobold brigand (Sewer)
  2 scorpions
  A howler monkey (D:5)
  2 centaur skeletons
  3 hounds
  A bullfrog skeleton (D:5)
  A gnoll shaman (D:3)
  An iguana (D:5)
  An orc wizard (D:5)
  A hound skeleton (D:4)
  6 gnolls
  2 adders
  5 river rats (Sewer)
  A shadow imp (D:5)
  2 ufetubi
  3 adder skeletons (D:4)
  4 worms
  3 dart slugs
  8 orcs
  7 endoplasms
  5 giant cockroaches
  12 goblins
  8 hobgoblins
  5 jackals
  26 kobolds
  3 quokkas
  17 ball pythons
  4 bats
  4 frilled lizards
  29 rats
172 creatures vanquished.

Notes
Turn   | Place    | Note
-------+----------+-------------------------------------------
     0 | D:1      | jjjjhere the Gnoll Wanderer began the quest for the Orb.
     0 | D:1      | jjjjhere set off with the following items: a +2 mace, a +0
                  | buckler, a +0 leather armour; and the following spell
                  | memorised: Shock; and the following spells available to
                  | memorise: Stone Arrow
     0 | D:1      | Reached XP level 1. HP: 20/20 MP: 8/8
   227 | D:1      | Reached XP level 2. HP: 26/26 MP: 10/10
   241 | D:1      | Found a faded altar of an unknown god.
   266 | D:1      | Prayed at the altar of an unknown god.
   266 | D:1      | Became a worshipper of Vehumet
   266 | D:1      | Reached * piety under Vehumet
   266 | D:1      | Offered knowledge of Magic Dart by Vehumet.
   749 | D:2      | Reached skill level 1 in Invocations
   749 | D:2      | Reached XP level 3. HP: 21/31 MP: 11/11
   754 | D:2      | Reached skill level 1 in Short Blades
   754 | D:2      | Reached skill level 1 in Long Blades
   754 | D:2      | Reached skill level 1 in Axes
   754 | D:2      | Reached skill level 1 in Polearms
   754 | D:2      | Reached skill level 1 in Staves
   754 | D:2      | Reached skill level 1 in Slings
   754 | D:2      | Reached skill level 1 in Bows
   754 | D:2      | Reached skill level 1 in Crossbows
   754 | D:2      | Reached skill level 1 in Throwing
   754 | D:2      | Reached skill level 1 in Armour
   754 | D:2      | Reached skill level 1 in Dodging
   754 | D:2      | Reached skill level 1 in Stealth
   754 | D:2      | Reached skill level 1 in Unarmed Combat
   754 | D:2      | Reached skill level 1 in Evocations
  1009 | D:2      | Reached XP level 4. HP: 33/38 MP: 13/13
  1596 | D:3      | Reached ** piety under Vehumet
  1599 | D:3      | Offered knowledge of Scorch by Vehumet.
  1729 | D:3      | Learned a level 2 spell: Scorch
  1857 | D:3      | Reached skill level 1 in Hexes
  1857 | D:3      | Reached skill level 1 in Summonings
  1857 | D:3      | Reached skill level 1 in Necromancy
  1857 | D:3      | Reached skill level 1 in Translocations
  1857 | D:3      | Reached skill level 1 in Transmutations
  1857 | D:3      | Reached skill level 1 in Fire Magic
  1857 | D:3      | Reached skill level 1 in Ice Magic
  1857 | D:3      | Reached skill level 1 in Air Magic
  1857 | D:3      | Reached skill level 1 in Earth Magic
  1857 | D:3      | Reached skill level 1 in Poison Magic
  2347 | D:3      | Reached XP level 5. HP: 43/43 MP: 11/14
  2424 | D:3      | Found a broken altar of Ashenzari.
  3152 | D:4      | Noticed an ogre
  3293 | D:4      | Killed an ogre
  3294 | D:4      | Reached XP level 6. HP: 50/50 MP: 13/16
  3336 | D:4      | Reached skill level 5 in Fighting
  3336 | D:4      | Reached skill level 5 in Maces & Flails
  3569 | D:4      | Offered knowledge of Dazzling Flash by Vehumet.
  3578 | D:4      | Found a staircase to the Ecumenical Temple.
  3582 | D:4      | Noticed Grinder
  3673 | D:3      | Paralysed by Grinder for 2 turns
  3679 | D:3      | Paralysed by Grinder for 7 turns
  3695 | D:3      | Killed Grinder
  3696 | D:3      | Reached XP level 7. HP: 23/56 MP: 5/18
  4126 | D:4      | Found a shimmering blue altar of Sif Muna.
  4184 | D:4      | Reached *** piety under Vehumet
  4446 | D:5      | Entered Level 5 of the Dungeon
  4446 | D:5      | Found a glowing drain.
  4522 | Sewer    | Entered a sewer
  4654 | Sewer    | Offered knowledge of Inner Flame by Vehumet.
  4694 | Sewer    | Learned a level 3 spell: Inner Flame
  4847 | Sewer    | Reached **** piety under Vehumet
  5121 | Sewer    | Reached XP level 8. HP: 63/63 MP: 14/19
  5207 | Sewer    | Offered knowledge of Fireball by Vehumet.
  5316 | Sewer    | Learned a level 5 spell: Fireball
  5760 | D:5      | Found a shadowy altar of Dithmenos.
  6341 | D:6      | Noticed a hornet
  6361 | D:6      | HP: 19/64 [hornet (12)]
  6363 | D:6      | HP: 8/64 [hornet (2)]
  6363 | D:6      | Paralysed by a hornet for 3 turns
  6363 | D:6      | Slain by a hornet

Illustrated notes

Levels and vault maps discovered:
D:1:      saegor_arrival_simple_c, layout_basic,
          hellmonk_ecumenical_altar_arch_garden
D:2:      layout_loops_cross, supply_closet_lemuel, eino_curves_02,
          minmay_pentomino_q4
D:3:      layout_basic, ashenzari_conservatory_becter, kennysheep_generic_room_4
D:4:      layout_gridville, kennysheep_orc_sif_temple,
          minmay_temple_entry_junction_2, uniq_grinder
D:5:      layout_basic, nicolae_dithmenos_shadow_blocks,
          cheibrodos_sewer_entry_sluice, kennysheep_nub,
          minmay_fractal_squares_5
D:6:      layout_loops_ring, minivault_11, minmay_between, uniq_edmund

Skill      XL: |  1  2  3  4  5  6  7  8 |
---------------+-------------------------+-----
Invocations    | 1 2 3 |  3.6
Short Blades   | 1 2 3 |  3.3
Long Blades    | 1 2 3 |  3.3
Axes           | 1 2 3 |  3.3
Polearms       | 1 2 3 |  3.3
Staves         | 1 2 3 |  3.3
Slings         | 1 2 3 |  3.3
Bows           | 1 2 3 |  3.3
Crossbows      | 1 2 3 |  3.3
Throwing       | 1 2 3 |  3.3
Armour         | 1 2 3 |  3.3
Dodging        | 1 2 3 4 |  4.6
Stealth        | 1 2 3 |  3.3
Unarmed Combat | 1 2 3 |  3.3
Evocations     | 1 2 3 |  3.3
Hexes          | 1 2 |  2.7
Summonings     | 1 2 |  2.7
Necromancy     | 1 2 |  2.7
Translocations | 1 2 |  2.7
Transmutations | 1 2 |  2.7
Fire Magic     | 1 2 |  2.7
Ice Magic      | 1 2 |  2.7
Air Magic      | 1 2 |  2.7
Earth Magic    | 1 2 |  2.7
Poison Magic   | 1 2 |  2.7
Shields        | 3 4 |  4.2
Conjurations   | 4 |  4.7
Fighting       | 5 |  5.7
Maces & Flails | 5 |  5.7
Spellcasting   | |  7.9

Action                   |  1- 3 |  4- 6 |  7- 9 || total
-------------------------+-------+-------+-------++-------
Melee: Mace              |    61 |    42 |       ||   103
       Bite              |     5 |    12 |    20 ||    37
       Flail             |       |    72 |   167 ||   239
 Cast: Shock             |     1 |     5 |       ||     6
       Scorch            |       |    42 |    73 ||   115
       Inner Flame       |       |       |     8 ||     8
  Use: Scroll            |       |     7 |     1 ||     8
       Potion            |       |       |     1 ||     1
 Stab: Sleeping          |     1 |       |     1 ||     2
Armor: Leather armour    |    16 |    44 |    87 ||   147
Dodge: Dodged            |    27 |    70 |   140 ||   237
Block: Buckler           |    15 |    32 |    73 ||   120
